 Dungeon Crawl Stone Soup version 0.18.1-1-g2f07953 (webtiles) character file.

494 varam the Ruffian (level 6, -3/61 HPs)
             Began as a Troll Transmuter on May 6, 2016.
             Was a Priest of Cheibriados.
             Slain by a gnoll
             ... wielding a +0 whip
              (5 damage)
             ... on level 4 of the Dungeon.
             The game lasted 00:18:46 (3811 turns).

varam the Ruffian (Troll Transmuter)                Turns: 3811, Time: 00:18:47

Health: -3/61      AC:  9    Str: 27    XL:     6   Next: 92%
Magic:  4/7        EV: 10    Int: 16    God:    Cheibriados [***...]
Gold:   178        SH:  0    Dex: 18    Spells: 3 memorised, 2 levels left

rFire  . . .     SeeInvis .       - Unarmed
rCold  . . .     Gourm    +     b - +0 robe
rNeg   . . .     Faith    .     (no shield)
rPois  .         Spirit   .     (helmet restricted)
rElec  .         Dismiss  .     (no cloak)
rCorr  .         Reflect  .     (gloves unavailable)
SustAt .         Harm     .     (boots unavailable)
MR     .....                    z - amulet of magic regeneration
Stlth  ++........               t - +4 ring of protection
                                m - ring of wizardry

@: appendage, very slightly contaminated, very slow, not resistant to hostile
enchantments, unstealthy
A: unfitting armour, claws 3, talons 3, fast metabolism 3, gourmand,
regeneration 2, shaggy fur 1, tough skin 2
a: End Transformation, Bend Time, Temporal Distortion, Renounce Religion


You were on level 4 of the Dungeon.
You worshipped Cheibriados.
Cheibriados was most pleased with you.
You were very full.
You had grown temporary talons.
You visited 1 branch of the dungeon, and saw 5 of its levels.

You collected 178 gold pieces.

Inventory:

Missiles
 a - 78 arrows
 A - 5 tomahawks (quivered)
Armour
 b - a +0 robe (worn)
Jewellery
 m - a ring of wizardry (left claw)
 n - an uncursed ring of stealth
 t - a +4 ring of protection (right claw)
 z - an amulet of magic regeneration (around neck)
Wands
 p - a wand of random effects (12/48)
 G - a wand of iceblast (6/15)
 H - a wand of slowing (26/48)
 K - a wand of disintegration (1/24)
Scrolls
 f - 2 scrolls of recharging {unknown}
 j - 2 scrolls of magic mapping {unknown}
 q - a scroll of immolation {unknown}
 u - 5 scrolls of identify {unknown}
 v - a scroll of enchant armour {unknown}
 x - a scroll of enchant weapon {unknown}
 y - a scroll of noise {unknown}
 B - 2 scrolls of remove curse {unknown}
Potions
 e - a potion of resistance {unknown}
 h - 3 potions of ambrosia {unknown}
 i - a potion of lignification {unknown}
 l - a potion of brilliance {unknown}
 o - 3 potions of curing {unknown}
 w - a potion of heal wounds {unknown}
 C - a potion of magic {unknown}
 D - a potion of might {unknown}
 E - 2 potions of agility
 F - a potion of haste {unknown}
 J - a potion of cancellation {unknown}
 L - a potion of berserk rage {unknown}
Books
 c - a book of Changes

   Spells                             Type                      Level
   a - Beastly Appendage              Transmutation                1
   b - Sticks to Snakes               Transmutation                2
   c - Spider Form                    Transmutation/Poison         3
   d - Ice Form                       Ice/Transmutation            4
   e - Blade Hands                    Transmutation                5
Comestibles
 d - 5 bread rations
 g - 2 beef jerkies
 k - 5 fruits
 r - 4 meat rations
 s - a royal jelly


   Skills:
 + Level 3.5 Fighting
 - Level 1.5 Dodging
 * Level 5.4 Unarmed Combat
 - Level 1.9 Spellcasting
 - Level 2.5 Transmutations


You had 2 spell levels left.
You knew the following spells:

 Your Spells              Type           Power        Failure   Level  Hunger
a - Beastly Appendage     Trmt           #.....       4%          1    #......
b - Sticks to Snakes      Trmt           #.......     6%          2    ###....
c - Spider Form           Trmt/Pois      #.........   16%         3    ###....


Dungeon Overview and Level Annotations

Branches:
Dungeon (5/15)
 Temple: D:4-7

Altars:
Cheibriados
Makhleb
Okawaru
Sif Muna

Shops:
D:4 *

Annotations:
D:3 rezek's ghost, amateur DDFi


Innate Abilities, Weirdness & Mutations

You are too large for most types of armour.
You have claws for hands.
Your metabolism is lightning-fast.
You like to eat raw meat.
You heal very quickly.
You are covered in fur (AC +1).
You have very tough skin (AC +2).
You have claws for feet.


Message History

There is a stone staircase leading up here.
The gnoll sergeant hits you from afar with a spear of piercing.
* * * LOW HITPOINT WARNING * * *
x2 The gnoll barely misses you.
You climb upwards.
There is a stone staircase leading down here.
Casting: Spider Form
Confirm with . or Enter, or press ? or * to list all spells.
You miscast Spider Form.
You are very lightly contaminated with residual magic.
You feel slightly ill. The gnoll hits you with a whip.
* * * LOW HITPOINT WARNING * * *
Casting: Spider Form
Confirm with . or Enter, or press ? or * to list all spells.
Your feet morph into talons.
The gnoll hits you with a whip!
* * * LOW HITPOINT WARNING * * *
You claw the gnoll! You claw the gnoll, but do no damage.
The gnoll is heavily wounded.
The gnoll hits you with a whip.
You die...

#####.########.# #.# #.#.#####
.###..........(#
#.####.#.#######
#.##..##########
#..............# #.##..#
#..###.......... #.##..#######
#..# #...#####.# ............#
#..# #...# #.# ####..#..##.##
#..###...#####.# #
#.........#####...............
#
#.#...≈......@g........####.##
##
#.#.............#.##..###.....
.#
#.#.§.∩.#......##.##......#.##
.#
#.#.......####.##)##.######.#
.# #.....≈...# #.##.##.# #.#
## ###.......# #.##.##.## #.#
# ##.#.#.## #.##.#...#####.#
#...#.# #.##.).........# ####
###.#.# #.####...#######


You could see a gnoll.

Vanquished Creatures
  2 phantoms (D:4)
  A hound (D:4)
  3 orc wizards
  2 worker ants (D:4)
  4 adders
  2 oozes
  An adder skeleton (D:4)
  2 worms
  14 dart slugs
  13 orcs
  3 giant cockroaches
  5 goblins
  6 hobgoblins
  3 jackals (D:3)
  2 ball pythons
  A ball python skeleton (D:3)
  3 bats
  5 giant newts
  A jackal skeleton (D:4)
  11 kobolds
  7 rats
91 creatures vanquished.

Vanquished Creatures (others)
  An orc (D:3)
1 creature vanquished.

Grand Total: 92 creatures vanquished

Notes
Turn   | Place    | Note
--------------------------------------------------------------
     0 | D:1      | varam the Troll Transmuter began the quest for the Orb.
     0 | D:1      | Reached XP level 1. HP: 18/18 MP: 1/1
    34 | D:1      | Found a snail-covered altar of Cheibriados.
    47 | D:1      | Reached XP level 2. HP: 26/26 MP: 0/3
    50 | D:1      | Became a worshipper of Cheibriados the Contemplative
   517 | D:2      | Reached XP level 3. HP: 29/32 MP: 1/4
   728 | D:2      | Reached * piety under Cheibriados
   838 | D:2      | Found a faded altar to an unknown god.
   898 | D:2      | Learned a level 2 spell: Sticks to Snakes
  1188 | D:2      | Found a burning altar of Makhleb.
  1480 | D:3      | Reached XP level 4. HP: 35/40 MP: 3/5
  1537 | D:3      | Reached skill level 1 in Fighting
  1579 | D:3      | Noticed rezek's ghost (amateur DDFi)
  2099 | D:4      | Learned a level 3 spell: Spider Form
  2108 | D:3      | Reached ** piety under Cheibriados
  2375 | D:3      | Reached XP level 5. HP: 46/49 MP: 4/6
  2490 | D:3      | Reached skill level 4 in Unarmed Combat
  2776 | D:3      | Found an iron altar of Okawaru.
  2929 | D:4      | Found Derik's Elemental Accessories.
  2954 | D:4      | Found a deep blue altar of Sif Muna.
  3043 | D:4      | Noticed a phantom
  3147 | D:4      | Killed a phantom
  3147 | D:4      | Reached *** piety under Cheibriados
  3147 | D:4      | Reached XP level 6. HP: 42/59 MP: 5/7
  3328 | D:4      | Reached skill level 5 in Unarmed Combat
  3787 | D:5      | Entered Level 5 of the Dungeon
  3810 | D:4      | HP: 1/61 [gnoll/whip (10)]
  3811 | D:4      | Slain by a gnoll

Skill      XL: |  1  2  3  4  5  6 |
---------------+-------------------+-----
Transmutations | 2 |  2.5
Fighting       | 1 2 3 |  3.5
Unarmed Combat | 4 5 |  5.4
Dodging        | |  1.5
Spellcasting   | |  1.9

Action                   |  1- 3 |  4- 6 || total
-------------------------+-------+-------++-------
Melee: Unarmed           |   110 |   130 ||   240
       Kick              |     6 |     7 ||    13
       Punch             |     1 |     1 ||     2
       Headbutt          |     6 |     7 ||    13
 Cast: Beastly Appendage |    32 |    19 ||    51
       Spider Form       |       |    14 ||    14
 Stab: Sleeping          |     3 |     5 ||     8
  Eat: Chunk             |    17 |    15 ||    32
Armor: Robe              |    35 |    29 ||    64
       Skin              |       |     6 ||     6
Dodge: Dodged            |    54 |   109 ||   163
